 Dungeon Sprint DCSS version 0.30.0-13-g156ef70053 (webtiles) character file.

Game seed: 4322393921548259019

1534 Monkooky the Imperceptible (level 9, -3/48 HPs)
             Began as a Kobold Brigand on May 17, 2023.
             Was a Follower of Dithmenos.
             Slain by a demonic crawler (12 damage)
             ... in the Dungeon (Sprint I: "Red Sonja").
             The game lasted 00:01:28 (126 turns).

Monkooky the Imperceptible (Kobold Brigand)          Turns: 126, Time: 00:01:28

Health: -3/48      AC:  3    Str:  8    XL:     9   Next: 11%
Magic:  9/9        EV: 14    Int: 12    God:    Dithmenos [*.....]
Gold:   425        SH:  0    Dex: 21    Spells: 8/8 levels left

rFire   . . .        a - +2 dagger
rCold   . . .        (no shield)
rNeg    . . .        b - +0 robe
rPois   .            (no helmet)
rElec   .            c - +0 cloak
rCorr   .            (no gloves)
SInv    .            (no boots)
Will    .....        (no amulet) Stlth **++++++++
                     (no ring)
HPRegen 0.28/turn    (no ring)
MPRegen 0.11/turn

%: no teleportation
@: wreathed by umbra
A: small, no large weapons, nightstalker 3
a: Renounce Religion


You were in the Dungeon.
You worshipped Dithmenos.
Dithmenos was aware of your devotion.
You visited 1 branch You collected 425 gold pieces.

Inventory:

Hand Weapons
 a - a +2 dagger (weapon)
Missiles
 d - 9 poisoned darts (quivered)
 e - 3 curare-tipped darts
Armour
 b - a +0 robe (worn)
 c - a +0 cloak (worn)
Wands
 l - a wand of polymorph (12)
Scrolls
 k - a scroll of blinking
Potions
 f - a potion of curing
 g - a potion of heal wounds
 h - a potion of haste
 i - 2 potions of magic
 j - a potion of berserk rage


   Skills:
 - Level 2.1 Fighting
 - Level 10.0 Short Blades
 - Level 2.1 Throwing
 - Level 1.2 Dodging
 + Level 24.1 Stealth


You had 8 spell levels left.
You didn't know any spells.
Your spell library was empty.

Dungeon Overview and Level Annotations

Branches:
Dungeon (1/1)

Altars:
Cheibriados
Dithmenos
Elyvilon
Fedhas
Gozag
Hepliaklqana
Kikubaaqudgha
Makhleb
Nemelex Xobeh
Okawaru
Qazlal
Ru
Sif Muna
Trog
Uskayaw
Vehumet
Wu Jian
Xom
Yredelemnul
Zin
The Shining One
Jiyva
Lugonu

Shops:
D :


Innate Abilities, Weirdness & Mutations

You are small and have problems with some larger weapons.
You are completely attuned to the shadows.


Message History

The floating eye is almost dead.
You hit the floating eye.
You kill the floating eye!
Dithmenos accepts your kill.
Your Stealth skill increases to level 23!
You open the door. 4 demonic crawlers come into view.
There is an open door here.
The helpless demonic crawler fails to defend itself.
You spit the demonic crawler like a pig!!!!!
You kill the demonic crawler!
Dithmenos accepts your kill.
The demonic crawler gives a hideous shriek! x3
The demonic crawler misses you. The demonic crawler hits you.
The demonic crawler hits you!
Your Stealth skill increases to level 24!
You have reached level 9!
Your experience leads to an increase in your attributes!
Increase (S)trength, (I)ntelligence, or (D)exterity?
You feel agile. x2
Press: ? - help, v - describe, . - travel
Here: a demonic crawler (umbra)
An open door, spattered with blood.
Aiming: Polymorph
Press: ? - help, Shift-Dir - straight line, f - demonic crawler
Aim: a demonic crawler (umbra, will become a hell beast, an efreet, or a hell hound, chance to affect: 17%)
The demonic crawler resists with almost no effort.
The demonic crawler closely misses you. The demonic crawler hits you!
The demonic crawler misses you. The demonic crawler hits you. x2
The demonic crawler hits you but does no damage.
The demonic crawler attacks as you move away!
The demonic crawler completely misses you.
The demonic crawler misses you. The demonic crawler hits you!
* * * LOW HITPOINT WARNING * * *
The demonic crawler attacks as you move away!
The demonic crawler closely misses you. The demonic crawler hits you.
* * * LOW HITPOINT WARNING * * *
The demonic crawler barely misses you. The demonic crawler hits you!
You die...

#####################
)'..#.)'..#__#..@s.)#
.#.)'..#..'..'..#ss.##+#
###'#####'#__####)..'†.#
##..#...#.#### #####..+
_####..##.# +##
____##'#_.+ .∩..†'..._#
..__##_.#+# ____###+#


You could see 3 demonic crawlers.

Vanquished Creatures
  2 kobold demonologists (D)
  A demonic crawler (D)
  A slime creature (D)
  Sigmund (D)
  A yak (D)
  A floating eye (D)
  An ogre (D)
  A jelly (D)
  Ijyb (D)
10 creatures vanquished.

Notes
Turn   | Place    | Note
-------+----------+-------------------------------------------
     0 | D        | Monkooky the Kobold Brigand began the quest for the Orb.
     0 | D        | Reached XP level 1. HP: 12/12 MP: 1/1
     1 | D        | Noticed Ijyb
     4 | D        | Killed Ijyb
     5 | D        | Reached skill level 9 in Stealth
     5 | D        | Reached XP level 2. HP: 17/17 MP: 2/2
     5 | D        | Reached XP level 3. HP: 21/21 MP: 3/3
    15 | D        | Noticed an ogre
    17 | D        | Killed an ogre
    18 | D        | Reached skill level 13 in Stealth
    18 | D        | Reached XP level 4. HP: 26/26 MP: 4/4
    18 | D        | Reached XP level 5. HP: 30/30 MP: 5/5
    25 | D        | Noticed Sigmund
    28 | D        | Killed Sigmund
    29 | D        | Reached skill level 10 in Short Blades
    29 | D        | Reached skill level 14 in Stealth
    29 | D        | Reached XP level 6. HP: 35/35 MP: 6/6
    40 | D        | Found an ornate altar of the Wu Jian Council.
    41 | D        | Found a shimmering blue altar of Sif Muna.
    42 | D        | Found a radiant altar of Vehumet.
    47 | D        | Reached skill level 15 in Stealth
    49 | D        | Found a hazy altar of Hepliaklqana.
    49 | D        | Found a stormy altar of Qazlal.
    49 | D        | Found a hide-covered altar of Uskayaw.
    49 | D        | Found a blossoming altar of Fedhas.
    49 | D        | Noticed a yak
    50 | D        | Found Ecwitis's Book Emporium.
    50 | D        | Found a bloodstained altar of Trog.
    50 | D        | Found an opulent altar of Gozag.
    50 | D        | Found a snail-covered altar of Cheibriados.
    51 | D        | Killed a yak
    52 | D        | Reached skill level 17 in Stealth
    52 | D        | Reached XP level 7. HP: 40/40 MP: 7/7
    52 | D        | Found an iron altar of Okawaru.
    52 | D        | Found a sparkling altar of Nemelex Xobeh.
    52 | D        | Found a sacrificial altar of Ru.
    52 | D        | Found a glowing silver altar of Zin.
    53 | D        | Found an ancient bone altar of Kikubaaqudgha.
    53 | D        | Found a basalt altar of Yredelemnul.
    53 | D        | Found a glowing golden altar of the Shining One.
    53 | D        | Found a shadowy altar of Dithmenos.
    53 | D        | Found a white marble altar of Elyvilon.
    58 | D        | Became a worshipper of Dithmenos the Shadowed
    87 | D        | Found a viscous altar of Jiyva.
    87 | D        | Found a corrupted altar of Lugonu.
    87 | D        | Noticed a slime creature
    88 | D        | Found a burning altar of Makhleb.
    88 | D        | Found a shimmering altar of Xom.
    90 | D        | Killed a slime creature
    91 | D        | Reached skill level 19 in Stealth
   102 | D        | Noticed a kobold demonologist
   103 | D        | Noticed a kobold demonologist
   105 | D        | Killed a kobold demonologist
   106 | D        | Reached skill level 21 in Stealth
   106 | D        | Reached XP level 8. HP: 44/44 MP: 8/8
   107 | D        | Killed a kobold demonologist
   107 | D        | Reached * piety under Dithmenos
   108 | D        | Reached skill level 22 in Stealth
   109 | D        | Paralysed by a floating eye for 4 turns
   117 | D        | Reached skill level 23 in Stealth
   119 | D        | Noticed a demonic crawler
   119 | D        | Noticed a demonic crawler
   119 | D        | Noticed a demonic crawler
   119 | D        | Noticed a demonic crawler
   121 | D        | Killed a demonic crawler
   122 | D        | Reached skill level 24 in Stealth
   122 | D        | Reached XP level 9. HP: 35/48 MP: 9/9
   126 | D        | Slain by a demonic crawler

Illustrated notes

Levels and vault maps discovered:
D:        dungeon_sprint_1 [red_sonja_temple_1, red_sonja_temple_small_1]

Skill      XL: |  1  2  3  4  5  6  7  8 |
---------------+-------------------------+-----
Stealth        | 9 13 14 17 21 24 | 24.1
Short Blades   | 10 | 10.0
Fighting       | |  2.1
Throwing       | |  2.1
Dodging        | |  1.2

Action                     |  1- 3 |  4- 6 |  7- 9 || total
---------------------------+-------+-------+-------++-------
  Melee: Dagger            |     2 |     3 |     9 ||    14
  Evoke: Wand              |       |       |     1 ||     1
   Stab: Sleeping          |     2 |     3 |     4 ||     9
 Armour: Robe              |       |       |     1 ||     1
  Dodge: Dodged            |       |       |     7 ||     7
